 Dungeon Sprint DCSS version 0.30-a0-54-g2e61a25929 (webtiles) character file.

Game seed: 18031803256976681598

47 Ankalagon the Shield-Bearer (level 3, -2/23 HPs)
             Began as a Gargoyle Fighter on Sept 8, 2022.
             Engulfed by a cloud of steam (8 damage)
             ... in the Dungeon (Sprint II: "The Violet Keep of Menkaure").
             The game lasted 00:00:26 (353 turns).

Ankalagon the Shield-Bearer (Gargoyle Fighter)       Turns: 353, Time: 00:00:27

Health: -2/23      AC: 10    Str: 19    XL:     3   Next: 70%
Magic:  3/3        EV:  9    Int:  8    God:
Gold:   243        SH:  5    Dex: 11    Spells: 2/2 levels left

rFire   . . .      SeeInvis .    a - +0 flail
rCold   . . .      Faith    .    c - +0 buckler
rNeg    + . .      Spirit   .    b - +0 scale mail
rPois   ∞          Reflect  .    (no helmet)
rElec   +          Harm     .    (no cloak)
rCorr   .          Rampage  .    (no gloves)
Will    .....      NoTele   +    (no boots)
Stlth   ..........               (no amulet)
HPRegen 0.07/turn                (no ring)
MPRegen 0.08/turn                (no ring)

@: no status effects
A: sickness immunity, AC +3, negative energy resistance 1, electricity
resistance, torment resistance 1, petrification resistance
a: no special abilities


You were in the Dungeon.
You visited 1 branch You collected 243 gold pieces.

Inventory:

Hand Weapons
 a - a +0 flail (weapon)
Armour
 b - a +0 scale mail (worn)
 c - a +0 buckler (worn)
Scrolls
 j - a scroll of blinking
Potions
 d - a potion of might
 e - a potion of curing
 f - a potion of heal wounds
 g - a potion of haste
 h - 2 potions of magic
 i - a potion of berserk rage


   Skills:
 - Level 3.2 Fighting
 + Level 5.2 Maces & Flails
 - Level 3.2 Armour
 + Level 6.3 Shields


You had 2 spell levels left.
You didn't know any spells.
Your spell library was empty.

Dungeon Overview and Level Annotations

Branches:
Dungeon (1/1)

Altars:
Cheibriados
Dithmenos
Elyvilon
Fedhas
Hepliaklqana
Kikubaaqudgha
Sif Muna
Jiyva
Lugonu


Innate Abilities, Weirdness & Mutations

You are immune to sickness and miasma.
Your stone body is resilient. (AC +3)
You are immune to poison.
You resist negative energy. (rN+)
You are resistant to electric shocks. (rElec)
You are resistant to unholy torment.
You are immune to petrification.


Message History

Unknown command.
Really walk into a travel-excluded area?
A water moccasin comes into view.
You are engulfed in a cloud of scalding steam.
The water moccasin hisses angrily.
Found a roughly hewn altar of Beogh.
The water moccasin is engulfed in a cloud of scalding steam. x2
The water moccasin bites you.
The water moccasin is engulfed in a cloud of scalding steam.
The water moccasin bites you but does no damage.
The water moccasin is engulfed in a cloud of scalding steam.
The water moccasin barely misses you.
You barely miss the water moccasin.
The water moccasin is heavily wounded.
The water moccasin bites you but does no damage.
The water moccasin closely misses you.
You barely miss the water moccasin.
The water moccasin is heavily wounded.
The water moccasin bites you.
You thump the water moccasin!
The water moccasin is almost dead.
The water moccasin is engulfed in a cloud of scalding steam.
The water moccasin bites you.
* * * LOW HITPOINT WARNING * * *
The water moccasin is engulfed in a cloud of scalding steam.
The water moccasin dies!
Your Maces & Flails skill gained 2 levels and is now at level 5!
Your Shields skill gained 2 levels and is now at level 6!
You have reached level 3!
Your experience leads to an increase in your attributes!
Increase (S)trength, (I)ntelligence, or (D)exterity?
You feel agile. x2
Found a snail-covered altar of Cheibriados and a hazy altar of Hepliaklqana.
Found a shadowy altar of Dithmenos and a viscous altar of Jiyva.
Really walk into a travel-excluded area?
Found two altars.
Really walk into that cloud of steam?
Found three altars.
You are engulfed in a cloud of scalding steam.
You die...

.## ... ..## #+# #..#
##.## #..# +.<.+ +..###
##.# ##.##
#....###...##▓ #'##
##§§...@§~~~~~~
###..####~§...§.~#'####
#.##..#~~~~~~~..~#.....
#†#.##~~~~~~~~.~#...._
~~##'##~~~≈§§~§~§§#..._.
#~~~~~~~~~~§§≈≈~§§#.._._
#+++#+++#~≈≈§≈§≈≈~#._._.
≈≈SS ##≈§§###≈≈#_._._
S§≈≈°≈ ##≈≈# ≈≈#._


There were no monsters in sight!

Vanquished Creatures
  3 worms (D)
3 creatures vanquished.

Vanquished Creatures (others)
  A water moccasin (D)
1 creature vanquished.

Grand Total: 4 creatures vanquished

Notes
Turn   | Place    | Note
-------+----------+-------------------------------------------
     0 | D        | Ankalagon the Gargoyle Fighter began the quest for the Orb.
     0 | D        | Reached XP level 1. HP: 14/14 MP: 1/1
   205 | D        | Reached skill level 4 in Shields
   208 | D        | Reached XP level 2. HP: 10/19 MP: 2/2
   285 | D        | Noticed a lava snake
   285 | D        | Noticed a lava snake
   285 | D        | Noticed a lava snake
   286 | D        | Noticed a lava snake
   344 | D        | Noticed a water moccasin
   349 | D        | Killed a water moccasin
   350 | D        | Reached skill level 5 in Maces & Flails
   350 | D        | Reached skill level 6 in Shields
   350 | D        | Reached XP level 3. HP: 6/23 MP: 3/3
   350 | D        | Found a snail-covered altar of Cheibriados.
   350 | D        | Found a hazy altar of Hepliaklqana.
   351 | D        | Found a shadowy altar of Dithmenos.
   351 | D        | Found a viscous altar of Jiyva.
   352 | D        | Found a white marble altar of Elyvilon.
   352 | D        | Found an ancient bone altar of Kikubaaqudgha.
   353 | D        | Found a blossoming altar of Fedhas.
   353 | D        | Found a corrupted altar of Lugonu.
   353 | D        | Found a shimmering blue altar of Sif Muna.
   353 | D        | Engulfed by a cloud of steam

Illustrated notes

Levels and vault maps discovered:
D:        the_violet_keep_of_menkaure [sprint2_stairs_cluster_1,
          sprint2_shoproom, sprint2_temple, sprint2_basic_supplies,
          sprint2_obstacle_5, sprint2_obstacle_7, sprint2_obstacle_3,
          sprint2_obstacle_4, sprint2_obstacle_6, sprint2_timed_cluster_1,
          sprint2_smallroom_cluster_1, sprint2_smallroom_final_cluster_1,
          sprint2_transparent_cluster_1, sprint2_second_timed_cluster_1,
          sprint2_sniper_area_1, sprint2_heavy_combat_area_1,
          sprint2_mutation_trap_area_1, sprint2_forest_area_1,
          sprint2_light_combat_area_1, sprint2_behind_water_1,
          sprint2_near_end_vault_1]

Skill      XL: |  1  2 |
---------------+-------+-----
Shields        | 4 6 |  6.3
Maces & Flails | 3 5 |  5.2
Fighting       | |  3.2
Armour         | |  3.2

Action                   || total
-------------------------++-------
Melee: Flail             ||    16
Armor: Scale mail        ||     4
Dodge: Dodged            ||     4
Block: Buckler           ||     2

Table legend: (Time is in decaauts)
 A = Elapsed time spent in this place.
 B = Non-inter-level travel time spent in this place.
 C = Inter-level travel time spent in this place.
 D = Time resting spent in this place.
 E = Time spent auto-exploring this place.
 F = Levels seen in this place.
 G = Mean time per level.
                   A        B        C        D        E       F      G
               +--------+--------+--------+--------+--------+-----+--------+
         Total |    362 |    362 |      0 |    311 |      0 |   1 |  362.0 |
       Dungeon |    362 |    362 |      0 |    311 |      0 |   1 |  362.0 |
               +--------+--------+--------+--------+--------+-----+--------+

Top non-repeatable levels by time:
       D: 362 daAuts
